Map: Automaton LE

Players

PtitDrogo

  • Race: Protoss Protoss
  • League: Grandmaster
  • Spawn Location: 3:00

Serral - Winner!

  • Race: Zerg Zerg
  • League: Master
  • Spawn Location: 9:00

Event: 2019 WCS Winter Europe

VOD

Have the link to the VOD?

Description

Time

  • Played on: March 23, 2019, 9:27 a.m.
  • Length: 22:59

All games in this series

Show
View Real Time Build Order
Export as new Build Order

PtitDrogo Protoss 

Build Orders: 1 Gate Expand, Archon Immortal, Archon Drop, Dark Templar Rush 

Get SALT Encoding   

  12  0:00  Probe  
  13  0:12  Probe  
  14  0:19  Pylon  
  14  0:25  Probe  
  15  0:29  Assimilator  
  15  0:34  Probe  
  16  0:43  Probe  
  16  0:44  Gateway  
  17  0:51  Probe  
  18  1:04  Probe  
  19  1:16  Probe  
  20  1:25  Nexus  
  20  1:35  Cybernetics Core  
  20  1:37  Probe  
  21  1:42  Assimilator  
  21  1:49  Probe  
  21  1:52  Pylon  
  22  2:01  Stalker, Probe  
  23  2:13  Probe  
  26  2:17  Twilight Council  
  26  2:20  Warp Gate  
  26  2:29  Probe  
  27  2:31  Adept  
  27  2:33  Probe  
  29  2:40  Probe  
  29  2:41  Probe  
  31  2:48  Probe  
  31  2:49  Robotics Facility  
  32  2:53  Probe  
  32  2:56  Probe  
  34  3:05  Probe  
  36  3:07  Dark Shrine  
  36  3:08  Probe  
  37  3:17  Probe  
  37  3:19  Gateway  
  38  3:25  Gateway  
  38  3:28  Warp Prism  
  38  3:31  Gateway  
  38  3:40  Probe  
  41  3:42  Probe  
  42  3:48  Assimilator  
  42  3:49  Assimilator  
  42  3:53  Probe  
  42  3:54  Probe  
  44  3:57  Pylon  
  44  4:03  Pylon  
  44  4:05  Probe  
  44  4:06  Probe  
  47  4:17  Probe  
  47  4:18  Probe  
  48  4:26  Dark Templar x4  
  56  4:33  Pylon  
  56  4:34  Probe  
  57  4:48  Observer  
  57  4:51  Nexus, Probe x2  
  60  5:01  Archon  
  60  5:02  Archon  
  60  5:04  Probe x2  
  60  5:06  Pylon  
  62  5:11  Forge  
  62  5:12  Sentry x2  
  62  5:13  Zealot  
  68  5:16  Probe  
  68  5:21  Immortal  
  69  5:22  Probe  
  69  5:24  Zealot  
  69  5:26  Pylon  
  72  5:33  Probe  
  72  5:34  Probe  
  78  5:45  Probe  
  78  5:46  Probe  
  79  5:57  Probe  
  79  5:58  Immortal  
  79  5:59  Probe  
  79  6:00  Charge  
  79  6:02  Sentry  
  79  6:03  Zealot x2  
  87  6:04  Probe  
  87  6:05  Protoss Ground Weapons Level 1  
  87  6:10  Probe  
  87  6:11  Probe  
  94  6:13  Probe  
  94  6:14  Pylon  
  94  6:18  Assimilator  
  95  6:21  Probe  
  95  6:22  Assimilator, Probe  
  95  6:25  Probe  
  98  6:27  Pylon  
  98  6:30  Templar Archives  
  98  6:36  Probe, Gateway x2  
  99  6:42  Immortal  
  99  6:44  Probe  
  99  6:45  Probe  
  101  6:49  Probe  
  106  6:57  Gateway  
  106  6:59  Photon Cannon  
  106  7:00  Gateway  
  106  7:01  Probe  
  107  7:09  Photon Cannon  
  107  7:10  Photon Cannon  
  107  7:11  High Templar x4  
  107  7:15  Observer, Archon  
  115  7:16  Archon  
  116  7:23  Pylon  
  116  7:25  Pylon  
  116  7:29  Shield Battery  
  116  7:32  Immortal  
  117  7:39  Protoss Ground Weapons Level 2  
  117  7:40  Probe  
  117  7:42  Psionic Storm  
  117  7:44  Stalker x4  
  123  7:52  Probe  
  123  8:08  Probe  
  124  8:17  High Templar x3  
  124  8:19  Photon Cannon  
  130  8:20  Zealot, Shield Battery  
  130  8:21  Photon Cannon  
  130  8:25  Nexus  
  131  8:27  Pylon  
  131  8:37  Immortal  
  131  8:42  Probe  
  131  8:43  Pylon  
  131  8:48  Zealot, High Templar x2  
  141  9:06  High Templar x2  
  141  9:07  Zealot x2  
  149  9:10  Pylon  
  149  9:13  Gateway x2  
  149  9:14  Pylon  
  149  9:16  Gateway  
  149  9:17  Photon Cannon  
  149  9:19  Gateway  
  149  9:20  Photon Cannon  
  149  9:24  Probe x2  
  149  9:28  Immortal  
  153  9:33  Probe  
  153  9:36  Probe  
  153  9:37  Probe  
  153  9:38  Photon Cannon  
  156  9:42  High Templar x3  
  156  9:43  High Templar  
  164  9:47  Probe  
  164  9:48  Probe  
  164  9:49  Blink  
  164  9:50  Assimilator  
  164  9:53  Probe  
  164  9:54  Assimilator  
  164  9:55  Zealot  
  164  9:56  Zealot  
  169  10:01  Archon x2  
  169  10:07  Probe  
  169  10:08  Probe  
  169  10:09  Photon Cannon  
  169  10:11  High Templar x2, Photon Cannon  
  169  10:12  Zealot  
  177  10:14  Pylon  
  177  10:15  Photon Cannon  
  177  10:17  Archon  
  176  10:23  Zealot x2  
  179  10:33  Zealot x2  
  179  10:34  Zealot  
  147  10:54  Probe  
  147  10:55  Dark Templar x2  
  132  11:04  Zealot  
  129  11:14  Zealot x4  
  129  11:17  Zealot  
  131  11:20  Probe  
  131  11:23  Probe  
  131  11:24  Probe  
  135  11:29  High Templar x4  
  135  11:31  Archon  
  138  11:33  Archon  
  138  11:34  High Templar x2, Archon  
  142  11:40  Probe  
  142  11:41  Probe x2  
  142  11:44  Probe  
  146  11:48  High Templar x2, Probe  
  146  11:52  Archon  
  151  11:57  Stargate  
  151  11:58  Probe  
  149  12:08  Probe  
  149  12:10  Probe x2  
  149  12:14  Probe  
  151  12:16  Stalker x2  
  151  12:20  Probe  
  151  12:22  High Templar x2  
  159  12:25  Stalker x2  
  159  12:28  Zealot  
  166  12:33  Dark Templar  
  166  12:36  Probe  
  165  12:38  Zealot  
  165  12:40  Zealot  
  169  12:44  Probe  
  170  12:54  Fleet Beacon  
  170  12:57  Archon  
  170  13:01  Stargate  
  170  13:02  Stargate  
  170  13:16  Probe x4  
  174  13:22  Stalker x2  
  174  13:26  Probe x2  
  173  13:28  Probe  
  173  13:31  Tempest  
  173  13:32  Probe, Tempest  
  173  13:34  Probe x2  
  172  13:36  Tempest  
  182  13:51  Probe  
  184  14:07  Tempest  
  175  14:14  Tempest  
  175  14:15  Probe  
  186  14:27  Probe  
  186  14:28  Probe x2  
  186  14:30  Protoss Air Weapons Level 1  
  187  14:34  Pylon  
  187  14:35  Pylon  
  187  14:37  Protoss Ground Weapons Level 3  
  187  14:51  Tempest  
  192  14:52  Tempest  
  192  14:56  Probe x3  
  200  15:27  Nexus, Pylon  
  200  15:32  High Templar  
  200  15:48  Photon Cannon  
  200  15:49  Photon Cannon  
  200  15:51  Photon Cannon  
  200  15:52  Photon Cannon  
  200  15:54  Photon Cannon  
  200  15:56  Photon Cannon  
  200  15:57  Shield Battery  
  200  15:59  Shield Battery  
  200  16:00  Pylon  
  196  16:21  Oracle  
  196  16:22  Oracle  
  200  16:31  Photon Cannon  
  200  16:33  Assimilator, Photon Cannon  
  200  16:35  Photon Cannon  
  200  16:36  Nexus, Pylon  
  200  16:37  Photon Cannon  
  200  16:39  Shield Battery  
  198  16:40  Assimilator  
  194  17:00  Zealot x5  
  194  17:01  Zealot  
  200  17:15  Protoss Air Weapons Level 2  
  200  17:25  Assimilator  
  200  17:26  Warp Prism  
  200  17:28  Assimilator  
  200  17:47  Void Ray  
  200  17:56  Zealot x2  
  191  18:15  Void Ray x2  
  178  18:35  Void Ray  
  178  18:43  Stargate  
  178  18:44  Stargate  
  178  18:45  Stargate  
  178  18:52  Stalker x6, Zealot  
  178  18:53  Zealot x5  
  164  18:58  Void Ray x2  
  164  18:59  Probe  
  152  19:14  Photon Cannon  
  152  19:15  Pylon, Shield Battery  
  148  19:18  Shield Battery, Void Ray  
  148  19:19  Photon Cannon x2  
  148  19:22  Nexus  
  152  19:26  Zealot x6  
  152  19:27  Zealot x6  
  175  19:33  Pylon  
  175  19:35  Assimilator  
  175  19:36  Tempest  
  176  19:39  Assimilator  
  176  19:41  Void Ray x2  
  181  19:48  Probe  
  181  19:49  Stalker x2  
  181  19:50  Stalker x2  
  181  19:52  Stalker x2  
  193  19:55  High Templar x3  
  198  20:03  Stalker  
  199  20:11  Photon Cannon  
  195  20:20  Zealot x8  
  200  20:24  Tempest  
  180  20:40  Probe  
  180  20:41  Zealot  
  180  20:42  Probe  
  174  20:44  Probe  
  174  20:45  Tempest x3  
  174  20:47  Probe  
  174  20:49  Warp Prism  
  187  20:52  Probe  
  178  21:10  High Templar x3  
  178  21:11  High Templar x4  
  192  21:12  High Templar  
  192  21:14  Archon x3  
  192  21:17  Archon  
  194  21:23  High Templar x2  
  194  21:24  High Templar  
  178  21:48  Tempest x2  
  148  22:10  Stalker  
  148  22:11  Stalker x5  
  123  22:18  Dark Templar  
Show
View Real Time Build Order
Export as new Build Order

Serral Zerg - Winner!

Build Orders: Hatch First, Brood Lord Corruptor, Muta Ling Bane 

Get SALT Encoding   

  12  0:00  Drone  
  13  0:12  Overlord  
  13  0:18  Drone  
  14  0:31  Drone x2  
  16  0:49  Hatchery  
  15  0:52  Drone  
  15  0:56  Drone  
  17  1:00  Drone  
  18  1:10  Extractor  
  17  1:15  Spawning Pool  
  16  1:18  Drone  
  16  1:21  Drone  
  18  1:28  Drone  
  19  1:39  Drone  
  20  1:49  Overlord  
  20  2:01  Queen x2  
  20  2:02  Zergling x4  
  26  2:10  Metabolic Boost  
  26  2:11  Drone  
  26  2:15  Drone  
  28  2:22  Drone  
  29  2:23  Drone  
  30  2:33  Drone  
  31  2:40  Hatchery  
  30  2:44  Overlord  
  30  2:47  Drone  
  31  2:54  Overlord  
  31  3:02  Queen, Drone  
  31  3:04  Drone  
  31  3:05  Drone  
  36  3:14  Overlord  
  36  3:15  Drone x2  
  36  3:16  Drone  
  36  3:19  Drone  
  40  3:22  Drone  
  40  3:23  Drone  
  40  3:25  Drone  
  43  3:32  Lair  
  43  3:38  Roach Warren  
  43  3:41  Drone  
  43  3:42  Drone  
  43  3:44  Drone  
  43  3:46  Drone  
  46  3:49  Extractor x2, Drone  
  46  3:50  Drone  
  46  3:55  Overlord  
  46  3:56  Drone  
  46  3:58  Drone  
  46  4:00  Drone  
  49  4:03  Overlord  
  49  4:09  Drone  
  50  4:10  Queen  
  52  4:18  Roach x3  
  52  4:23  Roach x2  
  62  4:29  Overseer, Zergling x6  
  65  4:33  Zergling x4  
  65  4:37  Overlord  
  67  4:44  Overlord  
  67  4:46  Drone x4  
  67  4:50  Glial Reconstitution  
  71  4:56  Overlord  
  71  4:57  Roach x2  
  75  5:01  Overseer  
  75  5:04  Roach x2  
  75  5:06  Drone x2  
  81  5:09  Drone  
  81  5:13  Extractor  
  81  5:14  Roach x2  
  81  5:19  Overlord  
  81  5:21  Drone x4  
  85  5:22  Drone  
  85  5:25  Extractor  
  87  5:28  Spire  
  87  5:30  Drone  
  87  5:31  Drone  
  87  5:33  Drone  
  87  5:35  Drone  
  90  5:43  Drone x5  
  90  5:45  Drone  
  90  5:49  Overlord  
  96  5:53  Overlord  
  96  5:54  Drone  
  95  5:58  Drone x2  
  95  6:00  Drone x2  
  95  6:02  Drone  
  97  6:04  Drone  
  97  6:09  Drone x2  
  97  6:10  Evolution Chamber, Extractor  
  99  6:18  Drone x3  
  99  6:19  Overlord, Drone  
  99  6:20  Overlord  
  101  6:30  Overlord  
  101  6:39  Mutalisk x7  
  101  6:42  Zerg Melee Weapons Level 1  
  115  6:52  Drone x2  
  115  6:53  Baneling Nest  
  115  6:56  Infestation Pit  
  115  7:00  Hatchery  
  113  7:10  Zergling x4  
  113  7:11  Zergling x8  
  113  7:12  Overlord  
  113  7:15  Overlord  
  119  7:16  Overlord  
  119  7:17  Overlord  
  119  7:22  Overlord  
  119  7:32  Hive  
  119  7:34  Drone x8  
  127  7:38  Centrifical Hooks  
  127  7:40  Drone x2  
  127  7:41  Ravager x8  
  137  7:48  Roach x2  
  137  7:49  Roach x3  
  137  7:50  Drone x2  
  149  7:55  Zergling x6  
  149  7:56  Extractor  
  149  8:00  Extractor  
  149  8:05  Overseer  
  148  8:07  Drone  
  148  8:10  Drone  
  150  8:14  Overlord  
  150  8:16  Roach, Zergling x22  
  150  8:19  Queen  
  165  8:20  Drone  
  166  8:31  Zergling x10  
  171  8:39  Ravager x3  
  171  8:40  Ravager  
  175  8:41  Zerg Melee Weapons Level 2  
  175  8:45  Greater Spire  
  175  8:46  Hatchery  
  174  8:51  Zergling x10  
  174  8:52  Zergling x2  
  173  9:09  Zergling x8  
  178  9:10  Zergling x2  
  178  9:13  Baneling  
  178  9:14  Baneling x4  
  178  9:20  Baneling x4  
  178  9:25  Corruptor x4  
  178  9:28  Overlord x2  
  178  9:31  Overlord  
  184  9:33  Baneling x3  
  184  9:36  Baneling x3  
  184  9:39  Spine Crawler  
  184  9:40  Spore Crawler, Corruptor x2  
  184  9:41  Spine Crawler x2  
  184  9:51  Corruptor x2  
  187  10:01  Brood Lord x4  
  195  10:07  Queen  
  197  10:18  Brood Lord  
  197  10:22  Brood Lord  
  197  10:23  Brood Lord  
  197  10:27  Brood Lord  
  194  10:28  Zergling x2  
  194  10:29  Zergling x14  
  188  10:39  Zergling x34  
  191  10:44  Overlord x2  
  191  10:46  Overlord x2  
  182  11:02  Zergling x10  
  171  11:09  Drone x4  
  171  11:10  Drone x3  
  172  11:12  Corruptor x3  
  167  11:29  Pneumatized Carapace  
  166  11:36  Extractor x2  
  166  11:37  Corruptor  
  164  11:44  Hatchery  
  164  11:45  Drone x2  
  165  11:48  Brood Lord x2  
  165  11:49  Corruptor x3  
  177  12:04  Zerg Melee Weapons Level 3  
  169  12:11  Baneling x4  
  169  12:12  Baneling x3  
  169  12:15  Corruptor x4  
  169  12:21  Brood Lord x3  
  169  12:22  Zergling x2  
  180  12:44  Drone x4  
  180  12:46  Brood Lord  
  180  12:47  Brood Lord x2  
  180  12:48  Overlord  
  180  12:49  Brood Lord  
  191  12:56  Hatchery  
  191  12:57  Baneling x8  
  191  12:58  Zergling x2  
  191  13:04  Overseer  
  191  13:12  Zergling x18  
  198  13:20  Hatchery  
  194  13:30  Baneling x5  
  194  13:32  Baneling x2  
  193  13:41  Zerg Flyer Weapons Level 1  
  193  13:42  Viper x2  
  199  13:51  Baneling  
  199  13:52  Baneling x6  
  193  14:11  Corruptor x3  
  195  14:24  Corruptor x2  
  198  14:37  Corruptor  
  200  14:54  Spore Crawler  
  200  14:55  Spore Crawler x2  
  200  14:58  Baneling x5, Spine Crawler x2  
  200  14:59  Corruptor x2  
  198  15:11  Corruptor, Zerg Ground Armor Level 1  
  198  15:12  Corruptor  
  200  15:14  Overseer x3  
  200  15:21  Spine Crawler  
  199  15:22  Spore Crawler  
  199  15:23  Spine Crawler x3  
  199  15:27  Corruptor x2  
  198  15:59  Corruptor x2  
  200  16:07  Zerg Flyer Weapons Level 2  
  200  16:20  Overseer  
  200  16:46  Burrow  
  200  17:07  Overlord x2  
  200  17:20  Zerg Missile Weapons Level 1  
  200  17:23  Overseer x2  
  200  17:33  Pathogen Glands  
  198  17:52  Corruptor  
  200  18:03  Corruptor x6  
  194  18:11  Roach x7  
  196  18:13  Zergling x8  
  189  18:27  Corruptor x6  
  189  18:30  Neural Parasite  
  199  18:34  Zergling x4  
  199  18:35  Baneling x8  
  192  18:51  Zergling x20  
  194  19:03  Zergling x8  
  196  19:13  Overlord x2  
  195  19:20  Zerg Missile Weapons Level 2  
  195  19:33  Hatchery  
  194  19:44  Roach x6  
  185  19:47  Infestor x7  
  199  19:56  Infestor  
  199  20:01  Spore Crawler  
  199  20:02  Spore Crawler, Roach  
  199  20:03  Spore Crawler, Roach  
  199  20:04  Spore Crawler  
  199  20:05  Spore Crawler  
  194  20:11  Spore Crawler  
  188  20:16  Infestor x2  
  186  20:26  Corruptor x8  
  186  20:39  Hatchery  
  184  20:58  Drone x2  
  184  21:00  Overlord, Zergling x26  
  184  21:02  Zerg Flyer Armor Level 1  
  199  21:05  Spore Crawler  
  199  21:06  Spore Crawler x2  
  199  21:07  Spore Crawler  
  199  21:08  Spore Crawler  
  190  21:21  Baneling x6  
  190  21:22  Baneling  
  190  21:36  Zergling x14  
  190  21:37  Zergling x6  
  169  22:18  Infestor x3  
  169  22:21  Corruptor x5  
  185  22:29  Overseer  
  172  22:33  Drone x3  
Tags
 
Add a new tag
Caveats
  • Supply blocks, unpowered buildings, or Contaminate may cause inaccurate times.
  • Supply counts are checked every 10 seconds.